 Dungeon Crawl Stone Soup version 0.28.0-1-gb440e238dd (webtiles) character file.

Game seed: 897162911927156535

51 smarlow the Shield-Bearer (level 3, -3/33 HPs)
             Began as a Minotaur Fighter on Feb 25, 2022.
             Slain by an orc (6 damage)
             ... on level 3 of the Dungeon.
             The game lasted 00:01:57 (1103 turns).

smarlow the Shield-Bearer (Minotaur Fighter)        Turns: 1103, Time: 00:01:57

Health: -3/33      AC:  7    Str: 22    XL:     3   Next: 58%
Magic:  2/2        EV:  9    Int:  5    God:
Gold:   105        SH:  4    Dex:  9    Spells: 2/2 levels left

rFire   + + .      SeeInvis .   a - +0 war axe (freeze)
rCold   + . .      Faith    .   c - +0 buckler
rNeg    . . .      Spirit   .   b - +0 scale mail
rPois   +          Reflect  .   (helmet restricted)
rElec   +          Harm     .   (no cloak)
rCorr   +          Rampage  .   (no gloves)
Will    .....                   (no boots)
Stlth   ..........              (no amulet)
HPRegen 0.11/turn               l - ring of protection from fire
MPRegen 0.08/turn               (no ring)

@: resistant
A: horns 2, retaliatory headbutt
a: no special abilities


You were on level 3 of the Dungeon.
You visited 1 branch of the dungeon, and saw 3 of its levels.

You collected 105 gold pieces.

Inventory:

Hand Weapons
 a - a +0 war axe of freezing (weapon)
Armour
 b - a +0 scale mail (worn)
 c - a +0 buckler (worn)
Jewellery
 i - a ring of fire
 l - a ring of protection from fire (left hand)
Scrolls
 j - a scroll of fog {unknown}
 k - a scroll of vulnerability {unknown}
 m - a scroll of blinking {unknown}
Potions
 d - a potion of might
 e - a potion of invisibility


   Skills:
 + Level 4.2 Fighting
 + Level 3.2 Axes
 + Level 4.1 Armour
 + Level 4.2 Shields


You had 2 spell levels left.
You didn't know any spells.
Your spell library was empty.

Dungeon Overview and Level Annotations

Branches:
Dungeon (3/15)

Altars:

Annotations:
D:2 Sigmund


Innate Abilities, Weirdness & Mutations

You have a pair of horns on your head.
You reflexively headbutt those who attack you in melee.


Message History

The hobgoblin throws a stone.
You block the stone. Sigmund hits you but does no damage.
The hobgoblin throws a stone.
The stone hits you but does no damage. Sigmund casts a spell at you.
You resist with significant effort.
There is a stone staircase leading down here.
You climb downwards.
The orc shouts! x3; The orc priest shouts!
Found an escape hatch in the floor.
There is a stone staircase leading up here.
You slash the orc! You freeze the orc.
You kill the orc!
You hit the orc. You freeze the orc. The orc hits you but does no damage.
You closely miss the orc. You slash the orc! You freeze the orc.
You kill the orc!
The orc hits you but does no damage.
You hit the orc. You freeze the orc.
The orc is severely wounded.
You hit the orc priest. You freeze the orc priest.
The orc priest barely misses you. You furiously retaliate!
You headbutt the orc priest. The orc hits you with a +0 mace.
* * * LOW HITPOINT WARNING * * *
The orc priest barely misses you. The orc hits you with a +0 mace.
* * * LOW HITPOINT WARNING * * *
You barely miss the orc priest.
The orc priest is heavily wounded.
You slash the orc! You freeze the orc.
You kill the orc!
The orc priest hits you but does no damage.
You barely miss the orc priest.
You headbutt the orc priest, but do no damage.
The orc priest is heavily wounded.
You hit the orc. You freeze the orc. The orc closely misses you.
The orc priest closely misses you. You furiously retaliate!
You headbutt the orc priest. The orc closely misses you.
The orc priest hits you but does no damage.
You barely miss the orc priest.
The orc priest is severely wounded.
You barely miss the orc. The orc hits you with a +0 hand axe.
You die...

#.#
#.#
#.#
...
#>#
#.#
#o#
#@#
#o#
#.#
..#
###


You could see an orc priest and an orc.

Vanquished Creatures
  2 adders (D:2)
  3 orcs (D:3)
  2 bats (D:1)
  5 endoplasms
  3 giant cockroaches
  2 goblins
  A hobgoblin (D:1)
  A quokka (D:1)
  3 ball pythons (D:1)
  A frilled lizard (D:2)
  4 rats (D:1)
27 creatures vanquished.

Notes
Turn   | Place    | Note
-------+----------+-------------------------------------------
     0 | D:1      | smarlow the Minotaur Fighter began the quest for the Orb.
     0 | D:1      | Reached XP level 1. HP: 19/19 MP: 0/0
   209 | D:1      | Reached XP level 2. HP: 27/27 MP: 1/1
   769 | D:2      | Reached XP level 3. HP: 32/33 MP: 2/2
  1068 | D:2      | Noticed Sigmund
  1103 | D:3      | Slain by an orc

Illustrated notes

Levels and vault maps discovered:
D:1:      amcnicky_arrival_underground_garden, layout_loops_ring
D:2:      layout_rooms, uniq_sigmund, uniq_jessica
D:3:      layout_loops_ring, dilly_ecumenical_altar_fadedgnrine,
          minmay_gold_behind_fungi, nicolae_concentric_dashed_squares_mild,
          grunt_ministairs_10, minmay_crystal_room,
          minmay_misc_feat_more_columns, uniq_crazy_yiuf_cottage, uniq_robin

Skill      XL: |  1  2 |
---------------+-------+-----
Shields        | 4 |  4.2
Fighting       | 4 |  4.2
Axes           | 3 |  3.2
Armour         | 4 |  4.1

Action                   || total
-------------------------++-------
Melee: War axe           ||    50
       Headbutt          ||     5
  Use: Scroll            ||     2
       Potion            ||     6
Armor: Scale mail        ||    24
Dodge: Dodged            ||    26
Block: Buckler           ||    11
